 Dungeon Crawl Stone Soup version 0.28-a0-178-ga708605c5b (webtiles) character file.

Game seed: 10989722525824678594

58 frimble the Slasher (level 3, -3/31 HPs)
             Began as a Minotaur Warper on Aug 17, 2021.
             Killed from afar by Natasha (8 damage)
             ... with a magic dart
             ... on level 2 of the Dungeon.
             The game lasted 00:00:34 (834 turns).

frimble the Slasher (Minotaur Warper)                Turns: 834, Time: 00:00:35

Health: -3/31      AC:  3    Str: 15    XL:     3   Next: 76%
Magic:  4/4        EV: 12    Int: 10    God:
Gold:   72         SH:  0    Dex: 10    Spells: 4/4 levels left

rFire   + . .      SeeInvis .   a - +0 falchion
rCold   + . .      Faith    .   (no shield)
rNeg    . . .      Spirit   .   b - +0 leather armour
rPois   +          Reflect  .   (helmet restricted)
rElec   +          Harm     .   (no cloak)
rCorr   +          Rampage  .   (no gloves)
Will    .....                   (no boots)
Stlth   +.........              (no amulet)
HPRegen 0.10/turn               (no ring)
MPRegen 0.09/turn               (no ring)

@: resistant, slowed, very slow
A: horns 2, retaliatory headbutt
a: no special abilities


You were on level 2 of the Dungeon.
You visited 1 branch of the dungeon, and saw 2 of its levels.

You collected 72 gold pieces.

Inventory:

Hand Weapons
 a - a +0 falchion (weapon)
Missiles
 d - 5 boomerangs of dispersal (quivered)
Armour
 b - a +0 leather armour (worn)
Scrolls
 c - a scroll of blinking
 e - a scroll of noise {unknown}
 g - a scroll of amnesia {unknown}
Potions
 h - a potion of brilliance {unknown}


   Skills:
 + Level 3.2 Fighting
 + Level 3.2 Long Blades
 + Level 2.0 Throwing
 - Level 1.2 Armour
 + Level 2.9 Dodging
 - Level 1.3 Spellcasting
 - Level 2.1 Translocations


You had 4 spell levels left.
You didn't know any spells.
Your spell library contained the following spells:

 Spells                   Type           Power      Damage    Failure   Level
 Blink                    Tloc           N/A        N/A       26%         2
 Gell's Gravitas          Tloc           2%         N/A       45%         3
 Lesser Beckoning         Tloc           2%         N/A       45%         3
 Teleport Other           Tloc           5%         N/A       45%         3
 Dazzling Flash           Conj/Hex       0%         N/A       77%         3
 Manifold Assault         Tloc           5%         N/A       99%         5
 Agony                    Necr           0%         N/A       100%        5
 Silence                  Hex/Air        0%         N/A       100%        5


Dungeon Overview and Level Annotations

Branches:
Dungeon (1/15)

Altars:

Annotations:
D:2 Natasha


Innate Abilities, Weirdness & Mutations

You have a pair of horns on your head.
You reflexively headbutt those who attack you in melee.


Message History

You are too injured to fight recklessly!
You are too injured to fight recklessly!
You are too injured to fight recklessly!
You are too injured to fight recklessly!
You are too injured to fight recklessly!
You hit Natasha but do no damage. Natasha closely misses you.
Natasha misses you. You furiously retaliate!
You headbutt Natasha! You barely miss Natasha.
Natasha is severely wounded.
Natasha barely misses you.
You riposte.
You hit Natasha. Your headbutt misses Natasha.
Natasha is severely wounded.
You hit Natasha.
You kill Natasha!
Natasha screams in fury as she dies!
Your Throwing skill increases to level 2!
Natasha, Servant of Life and Death comes into view.
Natasha is nearby!
Natasha is nearby!
Natasha is nearby!
You are too injured to fight recklessly!
You are too injured to fight recklessly!
You are too injured to fight recklessly!
You barely miss Natasha. Natasha claws you but does no damage.
Natasha claws you!
You hit Natasha.
Natasha is moderately wounded.
Natasha claws you.
* * * LOW HITPOINT WARNING * * *
You hit Natasha.
Natasha is heavily wounded.
Natasha mumbles some strange words.
Natasha claws you.
* * * LOW HITPOINT WARNING * * *
It was a potion of resistance.
You feel protected. Natasha claws you but does no damage.
Natasha casts a spell at you. The magic dart hits you!
You die...

#.. ...### ##..
....>.
#...##...#### ###
#.......... ..# #
#...##########.#
#.
###.........##.###
###..
#.5.....###.......
......#h#####.#
####.##. .......@#
#.# #.##.
####.#†## #.#
#.##. # #. #.#
#.... #. #.# #.###
#. #.# #.# #.
#.######.# #.
#......#.# #.
######.#.# #...#


You could see an iron imp (summoned) and Natasha.

Vanquished Creatures
  Natasha (D:2)
  2 adders (D:2)
  A dart slug (D:1)
  2 bats
  An endoplasm (D:1)
  A giant cockroach (D:1)
  2 hobgoblins
  A kobold (D:1)
  A quokka (D:1)
  A ball python (D:2)
  A frilled lizard (D:2)
  A rat (D:1)
15 creatures vanquished.

Notes
Turn   | Place    | Note
-------+----------+-------------------------------------------
     0 | D:1      | frimble the Minotaur Warper began the quest for the Orb.
     0 | D:1      | Reached XP level 1. HP: 18/18 MP: 1/1
   193 | D:1      | Reached XP level 2. HP: 25/25 MP: 3/3
   227 | D:1      | You fall into a shaft and drop 1 floor!
   712 | D:2      | Reached XP level 3. HP: 31/31 MP: 4/4
   814 | D:2      | Noticed Natasha
   820 | D:2      | Killed Natasha
   830 | D:2      | Noticed Natasha
   834 | D:2      | Killed from afar by Natasha

Illustrated notes

Levels and vault maps discovered:
D:1:      scummos_arrival_simple_crosswalls, layout_loops_cross
D:2:      layout_loops_ring, uniq_natasha

Skill      XL: |  1  2  3 |
---------------+----------+-----
Fighting       | 3 |  3.2
Long Blades    | 3 |  3.2
Throwing       | 2 |  2.0
Armour         | |  1.2
Dodging        | |  2.9
Spellcasting   | |  1.3
Translocations | |  2.1

Action                   || total
-------------------------++-------
Melee: Falchion          ||    54
       Headbutt          ||     2
  Use: Potion            ||     1
Armor: Leather armour    ||    22
Dodge: Dodged            ||    29
       Rpst.: Falchion   ||     7

Table legend: (Time is in decaauts)
 A = Elapsed time spent in this place.
 B = Non-inter-level travel time spent in this place.
 C = Inter-level travel time spent in this place.
 D = Time resting spent in this place.
 E = Time spent auto-exploring this place.
 F = Levels seen in this place.
 G = Mean time per level.
                   A        B        C        D        E       F      G
               +--------+--------+--------+--------+--------+-----+--------+
         Total |    852 |    852 |      0 |      0 |    742 |   2 |  426.0 |
       Dungeon |    852 |    852 |      0 |      0 |    742 |   2 |  426.0 |
               +--------+--------+--------+--------+--------+-----+--------+

Top non-repeatable levels by time:
     D:2: 620 daAuts
     D:1: 231 daAuts
